 Dungeon Sprint DCSS version 0.22.1-1-ga44c0e56f4 (webtiles) character file.

2508 MuseOD the Unseen (level 9, -5/48 HPs)
             Began as a Spriggan Enchanter on Sept 21, 2018.
             Was a Priest of Dithmenos.
             Slain by Kirke (8 damage)
             ... in the Dungeon (Sprint II: "The Violet Keep of Menkaure").
             The game lasted 00:05:16 (972 turns).

MuseOD the Unseen (Spriggan Enchanter)               Turns: 972, Time: 00:05:17

Health: -5/48      AC:  2    Str:  4    XL:     9   Next: 28%
Magic:  1/25       EV: 18    Int: 20    God:    Dithmenos [***...]
Gold:   1053       SH:  0    Dex: 16    Spells: 21/30 levels left

rFire    . . .     SeeInvis +   a - +1 dagger
rCold    . . .     Gourm    .   (shield restricted)
rNeg     . . .     Faith    .   b - +0 robe
rPois    .         Spirit   .   (helmet restricted)
rElec    .         Reflect  .   (no cloak)
rCorr    .         Harm     .   (gloves unavailable)
MR       +....     Rnd*Rage +   (boots unavailable) Stlth +++++++++.NoTele +
                                (no amulet)
HPRegen  0.16/turn              (no ring)
MPRegen  0.19/turn              (no ring)

@: very slightly contaminated, wreathed by umbra, very quick
A: very small, unfitting armour, see invisible, berserk 1, herbivore, speed 3,
slow metabolism 2
a: Shadow Step, Renounce Religion


You were in the Dungeon.
You worshipped Dithmenos.
Dithmenos was most pleased with you.
You were not hungry.

You visited 1 branch You collected 1053 gold pieces.

Inventory:

Hand Weapons
 a - a +1 dagger (weapon)
Armour
 b - a +0 robe (worn)
Potions
 e - a potion of curing
 g - a potion of haste
 h - a potion of magic
Comestibles
 d - a ration


   Skills:
 - Level 5.9 Fighting
 - Level 11.1 Short Blades
 - Level 3.0 Dodging
 + Level 17.2 Stealth
 + Level 11.2 Spellcasting
 + Level 11.4 Hexes


You had 21 spell levels left.
You knew the following spells:

 Your Spells              Type           Power        Failure   Level  Hunger
a - Corona                Hex            ######.      1%          1    None
b - Ensorcelled Hibernat  Hex/Ice        ####..       1%          2    None
c - Confuse               Hex            ######..     1%          3    None
d - Dazzling Spray        Conj/Hex       ####..       1%          3    None

Your spell library contained the following spells:

 Spells                   Type           Power        Failure   Level  Hunger
 Summon Guardian Golem    Hex/Summ       ####....     1%          3    None
 Tukima's Dance           Hex            ######..     1%          3    None
 Summon Small Mammal      Summ           ##..         6%          1    None
 Call Imp                 Summ           ##......     10%         2    None
 Call Canine Familiar     Summ           ##......     19%         3    None
 Summon Ice Beast         Ice/Summ       ##......     52%         4    ##.....
 Summon Lightning Spire   Summ/Air       ##......     52%         4    ##.....


Dungeon Overview and Level Annotations

Branches:
Dungeon (1/1)

Altars:
Cheibriados
Dithmenos
Elyvilon
Fedhas
Gozag
Hepliaklqana
Kikubaaqudgha
Makhleb
Nemelex Xobeh
Okawaru
Qazlal
Ru
Sif Muna
Trog
Uskayaw
Vehumet
Wu Jian
Xom
Yredelemnul
Zin
The Shining One
Beogh
Jiyva
Lugonu

Shops:
D }:[:(!?=%[}!%=*:

Annotations:
D exclusion: oklob plant, Kirke


Innate Abilities, Weirdness & Mutations

You are very small and have problems with some larger weapons.
You are too small for most types of armour.
You have supernaturally acute eyesight. (SInv)
You are a herbivore.
You cover ground extremely quickly.
You need to consume almost no food.
You tend to lose your temper in combat.


Message History

You hit Kirke.
Kirke is severely wounded.
Kirke misses you.
You barely miss Kirke.
Kirke is severely wounded.
You closely miss Kirke.
Kirke is severely wounded.
Kirke barely misses you.
You barely miss Kirke.
Kirke is severely wounded.
You hit Kirke but do no damage.
Kirke is severely wounded.
Kirke hits you!
* * * LOW HITPOINT WARNING * * *
You hit Kirke.
Kirke is severely wounded.
You barely miss Kirke.
Kirke is severely wounded.
Kirke hits you!
You die...

..∩.∩...#≈≈≈≈###.###.#### +.##.
...∩.∩..#≈≈≈≈#.z#z.# ...# ...##
....∩.⌠.#≈≈####z#z####..## #..##
...∩.∩..#†##.###z###.##..# +..#.
..∩.∩...#≈#...##c##.#.#..# #..#.
.∩.∩....'≈'##.'zzz'###'..####..##
∩.∩.....#≈#.†.##z##.#.#....###.^.
▓▓▓▓▓▓###≈##†###@###.##......≈≈≈≈
!:G######≈≈####.@.####≈≈§....≈#'#
?.E#H$ ##≈≈≈#.##..#≈≈§≈≈≈≈..≈#_.
∩P?+.H#+ #'#≈##.####≈§≈≈≈≈≈≈.§#._
(G$#$##§##†#≈≈##'##≈≈≈≈§≈§§§≈≈#_.
?.G###...####≈≈≈≈≈≈≈≈≈≈≈§§§≈§≈#._
#+###§≈≈§ #+++#+++#≈§≈≈≈§§≈≈#..
§§≈§ ##≈§≈###≈≈#.. §§≈≈≈§ ≈≈
#§§#.. ≈§8≈§≈§§+ #≈≈#..


You could see Kirke, a yaktaur captain and 9 flying skulls.

Vanquished Creatures
  A yaktaur (D)
  3 polar bears (D)
  A hornet (D)
  2 hippogriffs (D)
  A flying skull (D)
  4 neqoxecs (D)
  4 necrophages (D)
  A crocodile (D)
  A scorpion (D)
  4 worker ants (D)
22 creatures vanquished.

Vanquished Creatures (others)
  A centaur warrior (D)
  Menkaure (D)
  A crocodile (D)
3 creatures vanquished.

Grand Total: 25 creatures vanquished

Notes
Turn   | Place    | Note
-------+----------+-------------------------------------------
     0 | D        | MuseOD the Spriggan Enchanter began the quest for the Orb.
     0 | D        | Reached XP level 1. HP: 9/9 MP: 5/5
     1 | D        | Noticed a hippogriff
     1 | D        | Noticed a hippogriff
     5 | D        | Noticed a worker ant
     5 | D        | Noticed a worker ant
     5 | D        | Noticed a worker ant
     5 | D        | Noticed a worker ant
    12 | D        | Killed a worker ant
    12 | D        | Reached skill level 6 in Stealth
    12 | D        | Reached XP level 2. HP: 15/15 MP: 6/6
    20 | D        | Reached skill level 5 in Short Blades
    20 | D        | Reached XP level 3. HP: 19/19 MP: 8/8
    24 | D        | Reached skill level 7 in Stealth
    24 | D        | Reached XP level 4. HP: 24/24 MP: 9/9
    40 | D        | Killed a crocodile
    50 | D        | Killed Menkaure
   282 | D        | Learned a level 2 spell: Ensorcelled Hibernation
   286 | D        | Learned a level 3 spell: Confuse
   290 | D        | Reached skill level 8 in Stealth
   312 | D        | Killed a hippogriff
   312 | D        | Reached skill level 5 in Fighting
   312 | D        | Reached skill level 10 in Stealth
   312 | D        | Reached XP level 5. HP: 30/30 MP: 10/10
   312 | D        | Reached XP level 6. HP: 35/35 MP: 11/11
   315 | D        | Killed a hippogriff
   315 | D        | Reached skill level 11 in Stealth
   322 | D        | Found an iron altar of Okawaru.
   322 | D        | Found an opulent altar of Gozag.
   323 | D        | Found a sparkling altar of Nemelex Xobeh.
   323 | D        | Found a blossoming altar of Fedhas.
   324 | D        | Found a radiant altar of Vehumet.
   324 | D        | Found a burning altar of Makhleb.
   324 | D        | Found a white marble altar of Elyvilon.
   325 | D        | Found a hide-covered altar of Uskayaw.
   325 | D        | Found a corrupted altar of Lugonu.
   325 | D        | Found a shadowy altar of Dithmenos.
   326 | D        | Found a glowing silver altar of Zin.
   326 | D        | Found a bloodstained altar of Trog.
   326 | D        | Found an ancient bone altar of Kikubaaqudgha.
   326 | D        | Found a snail-covered altar of Cheibriados.
   327 | D        | Found a basalt altar of Yredelemnul.
   327 | D        | Found a deep blue altar of Sif Muna.
   327 | D        | Found a viscous altar of Jiyva.
   328 | D        | Found a shimmering altar of Xom.
   328 | D        | Found a sacrificial altar of Ru.
   329 | D        | Found a glowing golden altar of the Shining One.
   329 | D        | Found an ornate altar of the Wu Jian Council.
   448 | D        | Noticed a swamp drake
   449 | D        | Noticed a yaktaur
   449 | D        | Noticed a hornet
   449 | D        | Noticed a polar bear
   449 | D        | Noticed a polar bear
   457 | D        | Killed a polar bear
   457 | D        | Reached skill level 13 in Stealth
   457 | D        | Reached skill level 5 in Spellcasting
   457 | D        | Reached skill level 5 in Hexes
   457 | D        | Reached XP level 7. HP: 31/39 MP: 2/15
   459 | D        | Noticed a polar bear
   467 | D        | Killed a polar bear
   470 | D        | Killed a hornet
   470 | D        | Reached skill level 14 in Stealth
   470 | D        | Reached XP level 8. HP: 22/44 MP: 7/20
   473 | D        | Killed a polar bear
   476 | D        | Killed a yaktaur
   476 | D        | Reached skill level 15 in Stealth
   486 | D        | Found a stormy altar of Qazlal.
   488 | D        | Found a hazy altar of Hepliaklqana.
   489 | D        | Found a roughly hewn altar of Beogh.
   495 | D        | Became a worshipper of Dithmenos the Shadowed
   731 | D        | Gained mutation: You tend to lose your temper in combat. [a
                  | neqoxec]
   748 | D        | Reached * piety under Dithmenos
   748 | D        | Reached skill level 16 in Stealth
   748 | D        | Reached skill level 10 in Hexes
   749 | D        | Reached skill level 10 in Spellcasting
   761 | D        | Noticed an orange crystal statue
   767 | D        | Found Holu's Book Emporium.
   768 | D        | Found Qemuubli's Jewellery Emporium.
   768 | D        | Found Fyturo's Food Shoppe.
   769 | D        | Found Omeigiet's Gadget Emporium.
   769 | D        | Found Xeroi's Antique Armour Shoppe.
   769 | D        | Found Melasi's General Store.
   769 | D        | Found Riulojosch's Food Emporium.
   778 | D        | Found Vusuuw's Magic Scroll Emporium.
   778 | D        | Found Udiubb Xial's Distillery.
   779 | D        | Found Kiwakhlalyt's Distillery.
   779 | D        | Found Yzypp's Antique Weapon Shoppe.
   780 | D        | Found Xegorghi's Jewellery Shoppe.
   784 | D        | Reached ** piety under Dithmenos
   784 | D        | Reached XP level 9. HP: 45/48 MP: 9/24
   790 | D        | Reached *** piety under Dithmenos
   799 | D        | Found Noheh's Book Shoppe.
   799 | D        | Found Zail's Antique Armour Emporium.
   799 | D        | Noticed an iron elemental
   799 | D        | Noticed an oklob plant
   800 | D        | Found Keixim's Gadget Shoppe.
   800 | D        | Found Gijoz's Book Shoppe.
   802 | D        | Noticed a shining eye
   805 | D        | Noticed a manticore
   805 | D        | Noticed a manticore
   805 | D        | Noticed a shining eye
   805 | D        | Noticed a shining eye
   806 | D        | Noticed a manticore
   835 | D        | Reached skill level 17 in Stealth
   906 | D        | Noticed Kirke
   906 | D        | Noticed a skeletal warrior
   906 | D        | Noticed a kobold demonologist
   907 | D        | Noticed a centaur warrior
   908 | D        | Noticed an elephant
   909 | D        | Noticed a yaktaur captain
   925 | D        | Learned a level 3 spell: Dazzling Spray
   958 | D        | Killed a centaur warrior
   972 | D        | Slain by Kirke

Skill      XL: |  1  2  3  4  5  6  7  8  9 |
---------------+----------------------------+-----
Fighting       | 2 3 5 |  5.9
Short Blades   | 4 5 6 9 11 | 11.1
Stealth        | 6 7 10 13 14 16 17 | 17.2
Spellcasting   | 5 7 10 11 | 11.2
Hexes          | 5 7 10 11 | 11.4
Dodging        | |  3.0

Action                   |  1- 3 |  4- 6 |  7- 9 || total
-------------------------+-------+-------+-------++-------
Melee: Dagger            |    16 |    19 |    75 ||   110
 Cast: Ensorcelled Hiber |       |     1 |     2 ||     3
       Confuse           |       |     2 |    15 ||    17
       Dazzling Spray    |       |       |     6 ||     6
  Use: Potion            |     1 |       |     2 ||     3
       Scroll            |       |       |     1 ||     1
 Stab: Sleeping          |       |     3 |     6 ||     9
       Confused          |       |     2 |     9 ||    11
       Distracted        |       |       |     1 ||     1
Armor: Robe              |       |     1 |     2 ||     3
Dodge: Dodged            |    13 |    14 |    29 ||    56
